 Dungeon Sprint DCSS version 0.17-a0-1399-gd5b76e1 (webtiles) character file.

2055 Kidiri the Unseen (level 9, -6/39 HPs)
             Began as a Spriggan Enchanter on June 19, 2015.
             Was the Champion of Dithmenos.
             Mangled by a flayed ghost (23 damage)
             ... in the Dungeon (Sprint VII: "The Pits").
             The game lasted 00:11:04 (1771 turns).

Kidiri the Unseen (Spriggan Enchanter)              Turns: 1771, Time: 00:11:04

Health: -6/39      AC:  3    Str:  7    XL:     9   Next: 5%
Magic:  1/25       EV: 30    Int: 18    God:    Dithmenos [******]
Gold:   0          SH:  0    Dex: 18    Spells: 5 memorised, 19 levels left

rFire  . . .     SeeInvis +     u - +2 rapier (speed)
rCold  . . .     Clarity  .     b - +1 robe
rNeg   . . .     SustAt   .     (shield restricted)
rPois  .         Gourm    .     (helmet restricted)
rElec  .         Spirit   .     (no cloak)
rCorr  .         Warding  .     (gloves unavailable)
rMut   .         NoTele   +     (boots unavailable)
MR     +....                    (no amulet)
Stlth  ++++++++++               r - +3 ring of evasion
                                q - +3 ring of strength

@: wreathed by umbra, very quick, somewhat resistant to hostile enchantments,
uncannily stealthy
A: unfitting armour, see invisible, herbivore 3, speed 3, slow metabolism 2
a: Shadow Step, Shadow Form, Renounce Religion


You were in the Dungeon.
You worshipped Dithmenos.
Dithmenos was exalted by your worship.
You were not hungry.

You visited 1 branch

Inventory:

Hand weapons
 e - a +1 dagger of venom
 k - a +2 dagger
 u - a +2 rapier of speed (weapon)
Armour
 b - a +1 robe (worn)
Jewellery
 q - a +3 ring of strength (left hand)
 r - a +3 ring of evasion (right hand)
Magical devices
 v - a wand of frost (11)
Scrolls
 j - a scroll of blinking
 m - 3 scrolls of remove curse
 n - 5 scrolls of amnesia
 o - a scroll of summoning
Potions
 f - 12 potions of heal wounds
 g - a potion of haste
 h - 4 potions of magic
 i - 5 potions of berserk rage
 l - 2 potions of invisibility
 p - 6 potions of curing
 s - a potion of might
 t - a potion of cure mutation
Books
 c - a book of Maledictions

   Spells                             Type                      Level
   a - Corona                         Hexes                        1
   b - Ensorcelled Hibernation        Hexes/Ice                    2
   c - Confuse                        Hexes                        3
   d - Tukima's Dance                 Hexes                        3
   e - Dazzling Spray                 Conjuration/Hexes            3
Comestibles
 a - 40 fruits
 d - 8 bread rations


   Skills:
 + Level 7.6 Short Blades
 + Level 10.6 Dodging
 * Level 15.1 Stealth
 * Level 11.9 Spellcasting
 + Level 4.5 Conjurations
 + Level 9.2 Hexes
 + Level 4.8 Ice Magic


You had 19 spell levels left.
You knew the following spells:

 Your Spells              Type           Power        Failure   Level  Hunger
a - Corona                Hex            #####..      1%          1    None
b - Ensorcelled Hibernat  Hex/Ice        #####.       1%          2    None
c - Confuse               Hex            #####...     1%          3    None
d - Tukima's Dance        Hex            #####...     1%          3    None
e - Dazzling Spray        Conj/Hex       #####...     1%          3    None


Dungeon Overview and Level Annotations

Branches:
Dungeon (1/1)

Altars:
Ashenzari
Cheibriados
Dithmenos
Elyvilon
Fedhas
Gozag
Kikubaaqudgha
Makhleb
Nemelex Xobeh
Okawaru
Qazlal
Ru
Sif Muna
Trog
Vehumet
Xom
Yredelemnul
Zin
The Shining One
Beogh
Jiyva
Lugonu


Innate Abilities, Weirdness & Mutations

You are tiny and cannot use many weapons and most armour.
You have supernaturally acute eyesight.
You are a herbivore.
You cover ground extremely quickly.
You need consume almost no food.


Message History

Confirm with . or Enter, or press ? or * to list all spells.
Aiming: Corona
Press: ? - help, Shift-Dir - straight line, f/p - flayed ghost
Aim: a flayed ghost (lightly damaged, umbra, chance to defeat MR: 46%)
The flayed ghost resists with significant effort.
Your shadow mimicks your spell!
The flayed ghost resists with almost no effort.
You hit the flayed ghost.
The flayed ghost is lightly damaged.
The flayed ghost closely misses you.
You barely miss the flayed ghost.
The flayed ghost is lightly damaged.
The flayed ghost misses you.
You barely miss the flayed ghost.
The flayed ghost is lightly damaged.
You closely miss the flayed ghost.
The flayed ghost is lightly damaged.
The flayed ghost hits you!!
Ouch! That really hurt!
You die...

#........W))'.....
#'#####+#####.....
#.#.....#..##.....
#.#.....#))#####+#
#.###+###))##.....
#.#.....#).##.....
#.#.....#[[##.....
#W####+##+###...<.
#@#........##.....
#.#........##.....
#)###########.....
#..#.#.##..#######
#.......#%########
##.#.#.##.#....#..
#..)....#+#....#..
##.#)#.##)+....+..
#.......#+#....#..


You could see a flayed ghost.

Vanquished Creatures
  A molten gargoyle (D)
  An orange demon (D)
  2 komodo dragons (D)
  Grinder (D)
  Edmund (D)
  A water moccasin (D)
  A black bear (D)
  A necrophage (D)
  A brain worm (D)
  A scorpion (D)
  A killer bee (D)
  2 orc wizards (D)
  10 sheep (D)
  A river rat (D)
  An ufetubus (D)
  An ooze (D)
  4 orcs (D)
  A ball python (D)
  2 bats (D)
  2 giant geckos (D)
  2 jackals (D)
  A quokka (D)
  2 rats (D)
41 creatures vanquished.

Vanquished Creatures (others)
  A Shadow Fiend (D)
1 creature vanquished.

Grand Total: 42 creatures vanquished

Notes
Turn   | Place    | Note
--------------------------------------------------------------
     0 | D        | Kidiri the Spriggan Enchanter began the quest for the Orb.
     0 | D        | Reached XP level 1. HP: 9/9 MP: 5/5
    22 | D        | Found a sacrificial altar of Ru.
    22 | D        | Found a basalt altar of Yredelemnul.
    22 | D        | Found a shadowy altar of Dithmenos.
    22 | D        | Found a deep blue altar of Sif Muna.
    22 | D        | Found a burning altar of Makhleb.
    22 | D        | Found a shimmering altar of Xom.
    22 | D        | Found an ancient bone altar of Kikubaaqudgha.
    22 | D        | Found a sparkling altar of Nemelex Xobeh.
    23 | D        | Found a glowing golden altar of the Shining One.
    23 | D        | Found a bloodstained altar of Trog.
    23 | D        | Found a shattered altar of Ashenzari.
    23 | D        | Found a white marble altar of Elyvilon.
    23 | D        | Found a snail-covered altar of Cheibriados.
    23 | D        | Found a blossoming altar of Fedhas.
    23 | D        | Found a radiant altar of Vehumet.
    23 | D        | Found a glowing silver altar of Zin.
    23 | D        | Found a corrupted altar of Lugonu.
    23 | D        | Found a viscous altar of Jiyva.
    23 | D        | Found a roughly hewn altar of Beogh.
    23 | D        | Found an iron altar of Okawaru.
    28 | D        | Became a worshipper of Dithmenos the Shadowed
    32 | D        | Found a stormy altar of Qazlal.
    32 | D        | Found an opulent altar of Gozag.
   113 | D        | Reached skill level 5 in Stealth
   161 | D        | Noticed a scorpion
   161 | D        | Noticed a brain worm
   176 | D        | Reached XP level 2. HP: 1/13 MP: 5/7
   194 | D        | Learned a level 2 spell: Ensorcelled Hibernation
   197 | D        | Acquired Dithmenos's first power
   205 | D        | Killed a Shadow Fiend
   487 | D        | Killed a brain worm
   487 | D        | Reached skill level 5 in Dodging
   487 | D        | Reached skill level 7 in Stealth
   487 | D        | Reached skill level 5 in Spellcasting
   487 | D        | Reached skill level 5 in Hexes
   487 | D        | Reached XP level 3. HP: 16/16 MP: 2/11
   487 | D        | Reached XP level 4. HP: 21/21 MP: 2/12
   510 | D        | Killed a scorpion
   510 | D        | Reached skill level 9 in Stealth
   549 | D        | Learned a level 3 spell: Confuse
   553 | D        | Learned a level 3 spell: Tukima's Dance
   557 | D        | Learned a level 3 spell: Dazzling Spray
   623 | D        | Noticed a necrophage
   624 | D        | Noticed an orc wizard
   627 | D        | Noticed an orc wizard
   642 | D        | Killed a necrophage
   642 | D        | Reached skill level 10 in Stealth
   642 | D        | Reached skill level 1 in Conjurations
   642 | D        | Reached skill level 1 in Ice Magic
   642 | D        | Reached XP level 5. HP: 24/24 MP: 11/16
   687 | D        | Noticed Edmund
   688 | D        | Killed an orc wizard
   688 | D        | Acquired Dithmenos's second power
   947 | D        | Killed Edmund
   947 | D        | Reached skill level 5 in Short Blades
   947 | D        | Reached skill level 11 in Stealth
   947 | D        | Reached XP level 6. HP: 19/28 MP: 10/18
   958 | D        | Killed an orc wizard
   958 | D        | Acquired Dithmenos's third power
  1059 | D        | Noticed a molten gargoyle
  1061 | D        | Killed a molten gargoyle
  1061 | D        | Reached skill level 12 in Stealth
  1061 | D        | Reached XP level 7. HP: 32/32 MP: 19/21
  1063 | D        | Noticed a black bear
  1063 | D        | Noticed a water moccasin
  1065 | D        | Killed a water moccasin
  1065 | D        | Reached skill level 13 in Stealth
  1065 | D        | Reached skill level 10 in Spellcasting
  1067 | D        | Acquired Dithmenos's fourth power
  1073 | D        | Killed a black bear
  1105 | D        | Noticed Grinder
  1105 | D        | Noticed an orange demon
  1105 | D        | Noticed a komodo dragon
  1107 | D        | Killed Grinder
  1107 | D        | Reached XP level 8. HP: 36/36 MP: 17/23
  1109 | D        | Killed an orange demon
  1109 | D        | Reached skill level 14 in Stealth
  1112 | D        | Killed a komodo dragon
  1112 | D        | Reached skill level 10 in Dodging
  1206 | D        | Noticed a komodo dragon
  1338 | D        | Killed a komodo dragon
  1408 | D        | Noticed a killer bee
  1408 | D        | Noticed a killer bee
  1408 | D        | Noticed a killer bee
  1408 | D        | Noticed an orange demon
  1408 | D        | Noticed a tarantella
  1408 | D        | Noticed a flayed ghost
  1410 | D        | Reached skill level 15 in Stealth
  1414 | D        | Killed a killer bee
  1414 | D        | Reached XP level 9. HP: 39/39 MP: 14/25
  1704 | D        | Noticed a hill giant
  1705 | D        | Noticed an orc wizard
  1771 | D        | Mangled by a flayed ghost

Vault maps used:
D:        pitsprint

Action                   |  1- 3 |  4- 6 |  7- 9 || total
-------------------------+-------+-------+-------++-------
Melee: Dagger            |    22 |    34 |     9 ||    65
       Rapier            |       |       |    22 ||    22
 Cast: Ensorcelled Hiber |     4 |     8 |    14 ||    26
       Confuse           |       |     1 |     6 ||     7
       Dazzling Spray    |       |       |     9 ||     9
       Corona            |       |       |     1 ||     1
Invok: Shadow Step       |       |     1 |     1 ||     2
  Use: Potion            |       |     1 |       ||     1
 Stab: Sleeping          |     4 |     9 |    10 ||    23
       Confused          |       |     1 |       ||     1
       Invisible         |       |       |     2 ||     2
